AoeStats
← Navix de los Bosques de Lituania

Arabia

507632628Analyzed
3v3 RM · 12d ago on Sep 19, 2026· 23m 38s· 6 players
Game mode
Random Map
Map size
Normal (6 player)
Population
200
Speed
Normal
Resources
Standard
Victory
Conquest
Starting age
Dark Age
Ending age
Imperial Age
RankedLock teamsTeams togetherTeam positionsShared explorationLock speedFull tech treeHidden civsTurbo modeCheats
Victory
Defeat
🇨🇴 Slavs · Colombia
753
+15
715
+18
🇦🇺 Bohemians · Australia
708
+17
🇦🇺 Vietnamese · Australia
788
-46
🇨🇳 Slavs · China
716
-16
🇨🇳 Spanish · China
712
-16
Diarj
11:12 Feudal Age
唐宋元明清
10:23 Feudal Age
11:19 Double-Bit Axe
15:41 Horse Collar
15:42 Man-at-Arms
xiaodou
0:29 Loom
10:58 Feudal Age
22:20 Castle Age
THENEYK
11:01 Feudal Age
12:57 Loom
16:34 Castle Age
19:01 Town Watch
20:31 Double-Bit Axe
Navix de los Bosques de Lituania
3:49 Loom
11:39 Feudal Age
11:45 Man-at-Arms
12:10 Arson
12:47 Arson
13:18 Long Swordsman
15:45 Scale Mail Armor
17:10 Forging
19:46 Double-Bit Axe
19:51 Gold Mining
20:59 Fletching
21:09 Padded Archer Armor
Derzer
8:17 Loom
10:02 Feudal Age
13:47 Man-at-Arms
18:10 Wheelbarrow
18:04 Scale Mail Armor
21:59 Double-Bit Axe
21:57 Horse Collar
24:07 Forging
Connection lost

Rejoining the realm…

Still unreachable

The connection could not be restored.

Session expired

The server has moved on; the page needs a fresh start.